Cogmind - Beta 13 @@@ ROGUE MODE // 2024.04.05 @ 21:52:50 Player: JackZewap Result: Destroyed by G-47 Trooper with Particle Gun Performance ------------- Evolutions (2) 1000 Regions Visited (3) 600 Robots Destroyed (46) 230 Value Destroyed (1456) 1456 Prototype IDs (3) 60 Alien Tech Used (0) 0 Bonus (86) 86 TOTAL SCORE: 3432 Bonus ------- Follower Combat Kills 197 Friendly Fire -111 Cogmind --------- Core Integrity 0/550 Matter 229/300 Energy 160/160 System Corruption 0% Temperature Warm (118) Movement Treading (170) Location -8/Materials Parts ------- > --- POWER (1) -------- Light Nuclear Core > --- PROPULSION (2) --- Armored Treads Armored Treads > --- UTILITY (6) ------ Improved Heat Sink Medium Storage Unit Weapon Cycler Transmission Jammer Light Armor Plating Hacking Suite > --- WEAPON (2) ------- Heavy Assault Cannon > --- INVENTORY (10) --- Ion Engine Improved Heat Sink Improved Sensor Array Improved Terrain Scanner Backup Laser I Backup Laser I Heavy Particle Cannon High-powered Shotgun Datajack Mining Laser Peak State ------------ > --- POWER ------------ Light Nuclear Core > --- PROPULSION ------- Armored Treads Armored Treads > --- UTILITY ---------- Improved Heat Sink Improved Heat Sink Medium Storage Unit Weapon Cycler Transmission Jammer Hacking Suite > --- WEAPON ----------- Heavy Assault Cannon > --- INVENTORY -------- Ion Engine Improved Sensor Array Improved Terrain Scanner High-powered Shotgun Datajack Mining Laser [Rating: 34] Favorites ----------- Power Ion Engine Engine Ion Engine Power Core Light Nuclear Core Propulsion Light Treads Treads Light Treads Leg Aluminum Leg Wheel Subdweller Monowheel Utility Small Storage Unit Device V3-11A's Pendant Storage Small Storage Unit Processor Visual Processing Unit Hackware Hacking Suite Protection Makeshift Light Armor Plating Weapon Light Cannon Energy Gun Medium Laser Energy Cannon Particle Cannon Ballistic Gun Assault Rifle Ballistic Cannon Light Cannon Launcher Grenade Launcher Special Weapon Mining Laser Special Melee Weapon Datajack Build | -11 -10 -10 -8 ------- Run | Yrd Mat Sub Mat Slots Evolved 4 | . . . 4 Power . | . . . . Propulsion . | . . . . Utility 4 | . . . 4 Weapon . | . . . . Parts Attached 78 | 6 24 15 33 Power 8 | 1 3 1 3 Engine 6 | 1 3 1 1 Core 2 | . . . 2 Reactor . | . . . . Propulsion 12 | 2 2 2 6 Treads 6 | 2 2 . 2 Leg 3 | . . . 3 Wheel 3 | . . 2 1 Hover . | . . . . Flight . | . . . . Utility 24 | 1 4 4 15 Device 10 | . 1 2 7 Storage 4 | 1 1 1 1 Processor 3 | . 2 . 1 Hackware 1 | . . . 1 Protection 6 | . . 1 5 Artifact . | . . . . Weapon 34 | 2 15 8 9 Energy Gun 3 | 1 1 . 1 Energy Cannon 1 | . . . 1 Ballistic Gun 10 | 1 2 4 3 Ballistic Cannon 9 | . 6 . 3 Launcher 4 | . 3 . 1 Special Weapon 4 | . 1 3 . Impact Weapon . | . . . . Slashing Weapon . | . . . . Piercing Weapon . | . . . . Special Melee Weapon 3 | . 2 1 . Unidentified Prototypes 1 | . . 1 . Parts Lost 12 | . . 1 11 Power 1 | . . . 1 Propulsion 3 | . . 1 2 Utility 6 | . . . 6 Weapon 2 | . . . 2 Highest Loss Streak 9 | . . 1 9 To Critical Strikes . | . . . . Average Slot Usage (%) 96 | . 98 97 84 Engine 12 | . 14 14 . Core 1 | . . . 8 Treads 22 | . 28 23 4 Leg 1 | . . . 6 Wheel 1 | . . 1 4 Device 8 | . 3 9 16 Storage 11 | . 9 13 8 Processor 7 | . 14 2 2 Hackware 1 | . . . 8 Protection 1 | . . 1 8 Energy Gun 1 | . 3 . 1 Ballistic Gun 7 | . 3 10 8 Ballistic Cannon 11 | . 18 9 3 Special Weapon 2 | . . 6 . Special Melee Weapon 1 | . 1 2 . Naked Turns . | . . . . Heaviest Build 35 | 12 16 20 35 Greatest Support 40 | 40 40 40 40 Greatest Overweight (x) 11 | . . . 11 Average Overweight (x) . | . . . . Largest Inventory Capacity 10 | 8 8 8 10 Average Capacity 7 | 7 7 7 9 Most Carried 10 | . 8 8 10 Average Carried 6 | . 5 7 7 Final Capacity 10 | 8 8 8 10 Final Carried 10 | . 8 8 10 Class Distribution -------------------- 82% | Mutant 14% | Scavenger-Mutant Dominant Class ---------------- Mutant | -10/Materials Mutant | -10/Subcaves Scavenger-Mutant | -8/Materials Resources | -11 -10 -10 -8 ----------- Run | Yrd Mat Sub Mat Matter Collected 1791 | 180 792 235 584 Remotely . | . . . . Salvage Created 1224 | . 704 35 485 Parts 69 | . 38 3 28 Haulers Intercepted 2 | . 2 . . Recyclers Shooed 2 | . 2 . . Parts Field Recycled . | . . . . Retrieved Matter . | . . . . Parts Self-Destructed 10 | . . 10 . Prevented . | . . . . Kills | -11 -10 -10 -8 ------- Run | Yrd Mat Sub Mat Combat Hostiles Destroyed 33 | . 18 3 12 Guns 9 | . 4 3 2 Cannons 19 | . 13 . 6 AOE 5 | . 1 . 4 Classes Destroyed 10 | . 6 1 3 Worker 3 | . 1 . 2 Hauler 2 | . 2 . . Operator 2 | . 1 . 1 Watcher 5 | . 3 . 2 Swarmer 3 | . . 3 . Grunt 24 | . 16 . 8 Sentry 1 | . . . 1 Specialist 2 | . . . 2 Heavy 1 | . . . 1 Subdweller 3 | . 2 1 . Best Kill Streak 5 | . 4 3 5 Combat Bots Only 5 | . 3 3 5 Max Kills in Single Turn 3 | . 1 1 3 Gunslinging . | . . . . Exploded 2 | . 1 . 2 Melee . | . . . . Uniques/NPCs Destroyed . | . . . . Combat | -11 -10 -10 -8 -------- Run | Yrd Mat Sub Mat Hostile Shots Fired 310 | . 68 41 201 Missed 76 | . 14 11 51 Damage Taken 3877 | . 716 357 2804 Core 807 | . 118 126 563 Absorbed by Shields . | . . . . Regen/Repaired (Parts) 143 | . . . 143 Core Remaining (%) 51 | 100 . 2 . Volleys Fired 180 | . 72 52 56 Largest 2 | . 2 2 2 Hottest 133 | . 100 100 133 Shots Fired 294 | . 145 63 86 Gun 118 | . 60 17 41 Cannon 122 | . 79 3 40 Launcher 10 | . 5 . 5 Special 44 | . 1 43 . Kinetic 194 | . 112 20 62 Thermal 90 | . 28 43 19 Explosive 10 | . 5 . 5 Electromagnetic . | . . . . Robot Hit Streak 10 | . 8 5 10 Robot Miss Streak 3 | . 3 2 3 Penetration Max 1 | . . . 1 Secondary Targets 1 | . . 1 . Max Gunslinging Chain 1 | . . 1 . Shots Hit Robots 153 | . 89 14 50 Core Hits 70 | . 38 3 29 Critical Kills 1 | . . . 1 Critical Parts Destroyed 1 | . . 1 . Critical Strikes 9 | . 3 1 5 Burn 2 | . 2 . . Destroy 2 | . . 1 1 Blast 5 | . 1 . 4 Melee Attacks 5 | . . 5 . Impact . | . . . . Slashing . | . . . . Piercing . | . . . . Sneak Attacks . | . . . . Combat Hostiles . | . . . . Follow-up Attacks . | . . . . Damage Inflicted 3586 | . 1627 142 1817 Guns 969 | . 491 142 336 Cannons 2060 | . 847 . 1213 Explosions 554 | . 286 . 268 Melee . | . . . . Ramming 3 | . 3 . . Kinetic 2611 | . 1154 142 1315 Thermal 418 | . 184 . 234 Explosive 554 | . 286 . 268 Electromagnetic . | . . . . Impact . | . . . . Slashing . | . . . . Piercing . | . . . . Highest Corruption 1 | . 1 1 . Average Corruption 1 | . 1 1 . Corruption Purged . | . . . . Corruption Blocked . | . . . . Effects 32 | . 10 22 . Message Errors 7 | . 2 5 . Matter Fused 6 | . 2 4 . Heat Flow Errors 8 | . 2 6 . Energy Discharges 2 | . 1 1 . Data Loss (minor) 2 | . . 2 . Data Loss (major) 2 | . . 2 . Misfires 4 | . 2 2 . Alerts 1 | . 1 . . Overload Shots . | . . . . Overflow Damage 98 | . 10 . 88 Projectiles 98 | . 10 . 88 Explosions . | . . . . Melee . | . . . . Knockbacks 18 | . 9 . 9 Impact . | . . . . Kinetic 17 | . 8 . 9 Secondary 1 | . 1 . . Self-Inflicted Damage 9 | . . . 9 Shots 2 | . . . 2 Rammed 4 | . 3 . 1 Targets Rammed 4 | . 3 . 1 Kicked . | . . . . Crushed . | . . . . Highest Temperature 509 | . 174 243 509 Average Temperature 80 | . 41 91 127 Received Heat Transfer 1740 | . 384 42 1314 Effects 6 | . . . 6 Shutdowns 2 | . . . 2 Interference 3 | . . . 3 Short Circuit 1 | . . . 1 Siege Activations . | . . . . Robots Corrupted . | . . . . Combat Hostiles . | . . . . Parts Fried . | . . . . Impact Corruptions . | . . . . Robots Melted . | . . . . Combat Hostiles . | . . . . Parts Melted . | . . . . Heat Transferred 1147 | . 703 . 444 Parts Sabotaged . | . . . . Parts Stolen . | . . . . Parts Stripped . | . . . . Power Chain Reactions . | . . . . Alert | -11 -10 -10 -8 ------- Run | Yrd Mat Sub Mat Peak Influence 226 | . 172 . 226 Initial 102 | . . . 102 Average 90 | . 81 . 123 Maximum Alert Level 1 | . . . 1 Low Security (%) 95 | 100 100 . 84 Level 1 4 | . . . 15 Level 2 . | . . . . Level 3 . | . . . . Level 4 . | . . . . Level 5 . | . . . . High Security . | . . . . Max Security . | . . . . Squads Dispatched 8 | . 4 . 4 Investigation 4 | . 3 . 1 Extermination . | . . . . Reinforcement 4 | . 1 . 3 Assault . | . . . . Garrison . | . . . . Intercept . | . . . . Searches Triggered . | . . . . Construction Impeded . | . . . . Haulers Reinforced . | . . . . Active Scanning Responses . | . . . . Cargo Convoy Interrupts . | . . . . Stealth | -11 -10 -10 -8 --------- Run | Yrd Mat Sub Mat Distress Signals 2 | . 2 . . Communications Jammed . | . . . . Distress Signals . | . . . . Times Spotted 66 | . 27 17 22 Peak Tracking Total 6 | . 3 4 6 Tactical Retreats 3 | . . 2 1 Traps | -11 -10 -10 -8 ------- Run | Yrd Mat Sub Mat Traps Triggered 2 | . 1 1 . Indirectly . | . . . . Trap Hack Attempts 33 | . 6 27 . Triggered . | . . . . Disarmed 2 | . 2 . . Reprogrammed 2 | . . 2 . Reused . | . . . . Traps Extracted . | . . . . Installed . | . . . . Triggered . | . . . . Machines | -11 -10 -10 -8 ---------- Run | Yrd Mat Sub Mat Machines Disabled 3 | . 2 . 1 Max in Single Turn 1 | . 1 . 1 Machines Repaired . | . . . . Machines Dismantled . | . . . . Machines Sabotaged . | . . . . Overloaded Fab Kills . | . . . . Hacking | -11 -10 -10 -8 --------- Run | Yrd Mat Sub Mat Machines Accessed 13 | . 9 1 3 Terminals 8 | . 7 . 1 Fabricators . | . . . . Repair Stations 1 | . . . 1 Recycling Units 3 | . 2 . 1 Scanalyzers . | . . . . Garrison Access . | . . . . Total Hacks 56 | . 42 3 11 Successful 32 | . 22 3 7 Failed 24 | . 20 . 4 Catastrophic 2 | . 2 . . Database Lockouts . | . . . . Manual 41 | . 34 . 7 Terminals 38 | . 34 . 4 Fabricators . | . . . . Repair Stations 3 | . . . 3 Recycling Units 12 | . 8 . 4 Scanalyzers . | . . . . Garrison Access . | . . . . Terminal Hacks 11 | . 8 3 . Record 3 | . . 3 . Robot Analysis 1 | . 1 . . Prototype ID Bank 1 | . 1 . . Terminal Index 1 | . 1 . . Alert Level 2 | . 2 . . Locate Traps 3 | . 3 . . Fabricator Hacks . | . . . . Repair Station Hacks 3 | . . . 3 Scan Component 1 | . . . 1 Repair 1 | . . . 1 Refit 1 | . . . 1 Recycling Unit Hacks 3 | . 2 . 1 Report Inventory 2 | . 1 . 1 Retrieve Components 1 | . 1 . . Scanalyzer . | . . . . Garrison Access Hacks . | . . . . Unauthorized Hacks 15 | . 12 . 3 Terminals 11 | . 9 . 2 Assimilate 3 | . 2 . 1 Botnet 8 | . 7 . 1 Fabricators . | . . . . Repair Stations . | . . . . Recycling Units 4 | . 3 . 1 Reject 3 | . 2 . 1 Mask 1 | . 1 . . Scanalyzers . | . . . . Garrison Access . | . . . . Data Cores Recovered . | . . . . Used . | . . . . Hacking Detections 9 | . 7 . 2 Full Trace Events 4 | . 3 . 1 Feedback Events . | . . . . Feedback Blocked . | . . . . Robot Schematics Acquired . | . . . . Robots Built . | . . . . Authchips . | . . . . Time . | . . . . Total Robot Build Rating . | . . . . Part Schematics Acquired . | . . . . Parts Built . | . . . . Authchips . | . . . . Time . | . . . . Total Part Build Rating . | . . . . Parts Repaired 1 | . . . 1 Time 38 | . . . 38 Parts Recycled . | . . . . Recycled Matter . | . . . . Retrieved Matter . | . . . . Retrieved Components 9 | . 9 . . Parts Scanalyzed . | . . . . Part Schematics Acquired . | . . . . Parts Damaged . | . . . . Bothacking | -11 -10 -10 -8 ------------ Run | Yrd Mat Sub Mat Used RIF Installer . | . . . . Robots Hacked . | . . . . Non-combat . | . . . . Combat . | . . . . Robot Hacks Applied . | . . . . Relay Couplers Released . | . . . . Fabnet Peak Effective % . | . . . . Robots Rewired . | . . . . Allies Hacked . | . . . . Hacks Repelled . | . . . . Allies | -11 -10 -10 -8 -------- Run | Yrd Mat Sub Mat Total Allies 7 | . . 7 . Largest Group 3 | . . 3 2 Highest-Rated Group 57 | . . 57 38 Highest-Rated Ally 19 | . . 19 19 Total Orders . | . . . . Ally Attacks 46 | . . 16 30 Total Damage 559 | . . 220 339 Kills 7 | . . 3 4 Allies Corrupted . | . . . . Allies Melted . | . . . . Intel | -11 -10 -10 -8 ------- Run | Yrd Mat Sub Mat Robot Analysis Total 1 | . 1 . . Derelict Logs Recovered 2 | . . 2 . Drone Launches . | . . . . Drone Recoveries . | . . . . Exploration | -11 -10 -10 -8 ------------- Run | Yrd Mat Sub Mat Turns Passed 6629 | 74 2742 2832 981 Spaces Moved 3194 | 44 1332 1504 314 Core 13 | 4 . . 9 Treads 2760 | 40 1332 1303 85 Legs 149 | . . . 149 Wheels 272 | . . 201 71 Hover . | . . . . Flight . | . . . . Fastest Speed 50 | 50 160 110 110 Average Speed 158 | 150 160 153 179 Slowest Speed 600 | 160 160 160 600 Overloaded Moves . | . . . . Propulsion Burnouts . | . . . . Robots Hopped . | . . . . Cave-ins Triggered . | . . . . Exploration Rate (%) 48 | 3 91 82 16 Regions Visited 3 Branch Regions 1 Pre-discovered Areas 2 | . . 2 . Known Exits Taken . | . . . . Unknown Exits Taken 3 | 1 1 1 . Scrap Searched 4 | . . 4 . Spaces Dug 1 | . 1 . . Terrain Destroyed 62 | . 24 . 38 Melee . | . . . . Projectile 15 | . 1 . 14 AOE 47 | . 23 . 24 Terrain Rammed . | . . . . Walls Destroyed . | . . . . Machines Disabled . | . . . . Actions | -11 -10 -10 -8 --------- Run | Yrd Mat Sub Mat Total 4360 | 49 1797 1876 638 Wait 791 | . 327 259 205 Move 3191 | 43 1331 1503 314 Hop . | . . . . Pick Up 33 | . 18 8 7 Fast Attach 30 | 6 3 3 18 Attach 11 | . 4 . 7 Detach 15 | . 4 1 10 Swap 37 | . 17 12 8 Drop 30 | . 12 6 12 Fire 180 | . 72 52 56 Melee 5 | . . 5 . Ram . | . . . . Kick . | . . . . Crush 4 | . 3 . 1 Escape Stasis . | . . . . Rewire . | . . . . Trap 33 | . 6 27 . Miscellaneous . | . . . . Route ------- -11/Scrapyard -10/Materials (discovered 5 exits: [*Mat x2] / [*Min x2] / *Sub) -10/Subcaves (discovered 2 exits: *Mat / [*Rec]) -8/Materials History --------- Turn | Location | Event 32 | -11/Scrapyard | Discovered new exit (range 15) 75 | -11/Scrapyard | Entered Materials 261 | -10/Materials | Discovered new exit (range 12) 312 | -10/Materials | Build established: Mutant 1085 | -10/Materials | Discovered new exit (range 8) 1091 | -10/Materials | Discovered new exit (range 8) 1200 | -10/Materials | Derelicts attacked the area 1497 | -10/Materials | Discovered new exit (range 9) 2511 | -10/Materials | Discovered new exit (range 17) 2817 | -10/Materials | Entered Subcaves 3092 | -10/Subcaves | Learned Materials stockpile data 3382 | -10/Subcaves | Visited triangular shrine 3393 | -10/Subcaves | Found Prototype Device 3393 | -10/Subcaves | Identified V3-11A's Pendant 3398 | -10/Subcaves | Befriended Subdweller 3964 | -10/Subcaves | Learned location of Zion (-7) 3964 | -10/Subcaves | Met a Zionite searching for "candidates" 4394 | -10/Subcaves | Shifting Twisted Machinery released Mak. Light Armor Plating 4395 | -10/Subcaves | Shifting Twisted Machinery released Battle Rifle 4459 | -10/Subcaves | Learned location of Storage (-8) 4518 | -10/Subcaves | Befriended Subdweller 4523 | -10/Subcaves | Befriended Subdweller 4598 | -10/Subcaves | A swath of the cavern ceiling suddenly collapsed 4778 | -10/Subcaves | Core integrity fell below 50% 4907 | -10/Subcaves | Visited Clippyterm 4925 | -10/Subcaves | Discovered new exit (range 15) 4961 | -10/Subcaves | Shifting Twisted Machinery released Battle Rifle 4962 | -10/Subcaves | Shifting Twisted Machinery released Barrage Gun 4985 | -10/Subcaves | Core integrity fell below 20% 5053 | -10/Subcaves | Discovered new exit (range 14) 5234 | -10/Subcaves | Ambushed by Subdwellers from Twisted Machinery 5243 | -10/Subcaves | Befriended Subdweller 5243 | -10/Subcaves | Befriended Subdweller 5343 | -10/Subcaves | Shifting Twisted Machinery released Sub. Shrapnel Launcher 5474 | -10/Subcaves | Shifting Twisted Machinery released Sub. Monowheel 5568 | -10/Subcaves | Befriended Subdweller 5573 | -10/Subcaves | Befriended Subdweller 5649 | -10/Subcaves | Entered Materials 5649 | -8/Materials | Accompanied by 2 allies 5649 | -8/Materials | Evolved 4 slots: Utility x4 6303 | -8/Materials | Core integrity fell below 50% 6359 | -8/Materials | Core integrity fell below 20% 6413 | -8/Materials | Lost 9 parts (1p2n5u1w) 6510 | -8/Materials | Repaired Hvy. Assault Cannon 6630 | -8/Materials | Destroyed by G-47 Trooper with Particle Gun Last Messages --------------- 06585_ Destroyed Hacking Suite. 06585_ O-16 Technician destroyed. 06589_ Slug penetrates Earth. 06591_ G-47 Trooper knocked back. 06593_ G-47 Trooper suffers critical hit (Blast). 06593_ Destroyed Lgt. Nuclear Core. 06593_ G-47 Trooper knocked back. 06594_ U-05 Engineer builds a Wall. 06598_ Critical hit (Burn: +37). 06599_ Acquired 27 matter. 06606_ Acquired 14 matter. 06614_ Slug penetrates Wall. 06614_ Critical hit (Burn: +37). 06618_ G-47 Trooper knocked back. 06620_ G-47 Trooper suffers critical hit (Blast). 06620_ Destroyed Imp. Heat Sink. 06620_ G-47 Trooper knocked back. 06626_ R-06 Scavenger collects Wheel. 06628_ G-47 Trooper destroyed. 06629_ Critical hit (Burn: +37). Map ----- +----------------------------------------------------+ | ???????????????????????????????????????????????? | | ???????????????????????????????????????????????? | | ???????????????????????????????????????????????? | | ???????????????????????????????????????????????? | | ???????????????????????????????????????????????? | | ???????????????????????????????????????????????? | | ?????????????????????#####?????????????????????? | | ????????????????????? ??????????????????????? | | ????????????????????? =??????????????????????? | | ?????????????????????= ???? ??????????????????? | | ???????????????????? ??? #?????????????????? | | ???????????????????? ???? ??????????????????? | | ???????????????????? ??? ???????????????????? | | ???????????#???????? ??? ????????????????????? | | ???#??????###????### ?? ?????????????????????? | | ??????????##########+###+###########???????????? | | ???#??????# * ! + % # ??????????? | | ??????????# # = % #???????????? | | ??????????# "" [ # % / % ??????????? | | ????????### "Y![ +% #########?????????????????? | | ??????????# ""!= #%% ############??????????????? | | ??????????# # ## #??????????????? | | ?#????????######## ##[""" """ #??????????????? | | ??????########### %#%"R" """ #??????????????? | | ??????#% %%] g; " " """ #??????????????? | | ??????#% %r/@ #??????????????? | | ?#????# %k % #??????????????? | | ?#???## ######; g# #??????????????? | | ????### ######## ## #?????????????? | | ??#??## %#??? # %#############?????????????? | | ?????## #?"" # #?????????????????????????? | | ??????# #"" ; % #?????????????????????????? | | ????#?# % #""" # ?????????????????????????? | | #?##??# #""" + ????????????????????????? | | ??##??# #""" ! # ???????????????????????? | | #??#?## # #######+??????????????????????? | | #?###?# # ??## ?????????????????????????? | | ?#???## & ######?#??? ?????????????????????????? | | ?????## ########??# ?????????????????????????? | | ???####& # T" #??? ????????????????????????? | | ##?#?## # #??# "????????????????????????? | | ??##?## + """ #?#? ?????????????????????????? | | ???##?#& # """ #### ?????????????????????????? | | #???### %# """ #??? ????????????????????????? | | ???##?# #[ #?#??#??#?????????????????????? | | ??#####![ ########?#???????????????????????????? | | ##??### # ###??#????????????????????????? | | ?####?# # #??#????#?????????????????????? | | ?#?#?## + ##???#????????????????????????? | | ##??#?# # "" #?#?##????????????????????????? | +----------------------------------------------------+ Best States ------------- Heat Dissipation 59 Energy Generation 14 Energy Capacity 250 Matter Stores 300 Matter Capacity 300 Sight Range 18 Robot Scan Range 15 Terrain Scan Range 16 Terrain Scan Density 10 Jamming Range 12 Armor Coverage 600 Weapon Cycling 15 Evasion (%) 40 Recoil Reduction 2 Offensive Hacking 10 Item Schematics ----------------- None Robot Schematics ------------------ None Fabricated ------------ Nothing Alien Tech Used ----------------- None Achievements -------------- None Challenges ------------ None Game ------ Seed MiniWeaponSword Manual? 0 Play Time 00:58:47 Cumulative 23.1 hours Start 2024.04.05 @ 20:55:20 End 2024.04.05 @ 21:52:50 Sessions 1 Manual Loads 0 Difficulty Rogue Special Mode None Game No. 24 Rogue 18 Adventurer 6 Explorer 0 Win Type - Total 0 Types 0/0/0/0/0/0/0/0/0 Lore% 16 Gallery% 29 Achievement% 21 Wizard Run 0 Options --------- Layout 0 ASCII 0 Keyboard 1 Movement Numpad Keybinds 0 Fullscreen 1 Font 18/SmallcapsGlow Map View 76x50 Zoom Use 0% Tactical HUD 1 Map Filters NONE Filters NONE Steam 1 RUN: ec0ec84b-1768-40df-931a-d25a0031f514